 Dungeon Crawl Stone Soup version 0.32-a0-933-ga8fa3634e4 (webtiles) character file.

Game seed: 13839600400755616515

6644 Heh the Fighter (level 10, -2/87 HPs)
             Began as a Demonspawn Alchemist on Apr 15, 2024.
             Was a Priest of Beogh.
             Slain by a shadow (29 damage)
             ... on level 10 of the Dungeon.
             The game lasted 00:15:04 (8902 turns).

Heh the Fighter (Demonspawn Alchemist)              Turns: 8902, Time: 00:15:05

Health: -2/87      AC: 10    Str:  9    XL:     10   Next: 72%
Magic:  3/18       EV: 28    Int: 18    God:    Beogh [***...]
Gold:   621        SH:  0    Dex: 17    Spells: 2/19 levels left

rFire   + . .        I - +4 dagger (elec)
rCold   . . .        (no shield)
rNeg    . . .        E - +0 steam dragon scales
rPois   .            (helmet restricted)
rElec   .            x - +0 cloak
rCorr   .            y - +0 pair of gloves
SInv    .            i - +0 pair of boots {Stlth+}
Will    .....        m - amulet of the acrobat
Stlth   +++          q - ring of protection from fire
HPRegen 0.34/turn    (no ring)
MPRegen 0.16/turn

%: acrobat, clarity
@: acrobatic
A: horns 2, yellow scales 1, spiny 2, demonic magic 2, agile 1, clarity
a: Renounce Religion, Smiting


You were on level 10 of the Dungeon.
You worshipped Beogh.
Beogh was most pleased with you.
You visited 1 branch of the dungeon, and saw 10 of its levels.

You collected 621 gold pieces.

Inventory:

Hand Weapons
 t - a +0 long sword
 w - a +4 quarterstaff of chaos
 I - a +4 dagger of electrocution (weapon)
Armour
 a - a +0 robe
 g - a +2 kite shield
 i - a +0 pair of boots of stealth (worn)
 j - a +0 scale mail
 r - a +0 troll leather armour
 x - a +0 cloak (worn)
 y - a +0 pair of gloves (worn)
 A - a +0 tower shield
 E - +0 steam dragon scales (worn)
Jewellery
 m - an amulet of the acrobat (around neck)
 q - a ring of protection from fire (left hand)
 H - an amulet of regeneration
Wands
 u - a wand of warping (5)
Scrolls
 e - 4 scrolls of blinking {unknown}
 f - a scroll of enchant armour {unknown}
 h - 6 scrolls of teleportation
 l - 3 scrolls of amnesia
 o - a scroll of revelation
 s - a scroll of noise
 v - 2 scrolls of vulnerability
 G - a scroll of silence {unknown}
Potions
 b - 2 potions of magic
 c - a potion of degeneration
 d - a potion of lignification
 k - 2 potions of cancellation {unknown}
 n - a potion of might
 p - a potion of mutation
 z - a potion of resistance
 B - a potion of haste
 D - 2 potions of brilliance {unknown}
 F - 3 potions of curing


   Skills:
 + Level 11.0 Fighting
 - Level 5.0 Dodging
 - Level 1.7 Stealth
 + Level 5.4 Spellcasting
 + Level 2.0 Conjurations
 + Level 4.9 Ice Magic
 + Level 1.3 Air Magic
 - Level 8.0 Alchemy


You had 2 spell levels left.
You knew the following spells:

 Your Spells              Type           Power      Damage    Failure   Level
a - Sting                 Conj/Alch      88%        1d8       1%          1
b - Mephitic Cloud        Conj/Alch/Air  18%        N/A       9%          3
c - Olgreb's Toxic Radia  Alch           33%        N/A       4%          4
d - Sticky Flame          Fire/Alch      19%        2d6       24%         4
e - Freezing Cloud        Conj/Ice/Air   7%         6-21      75%         5

Your spell library contained the following spells:

 Spells                   Type           Power      Damage    Failure   Level
 Mercury Vapours          Alch/Air       42%        N/A       2%          2
 Ensorcelled Hibernation  Hex/Ice        26%        N/A       7%          2
 Summon Small Mammal      Summ           16%        N/A       13%         1
 Swiftness                Air            9%         N/A       22%         3
 Call Canine Familiar     Summ           4%         N/A       36%         3
 Inner Flame              Hex/Fire       4%         N/A       36%         3
 Passwall                 Erth           4%         N/A       36%         3
 Teleport Other           Tloc           4%         N/A       36%         3
 Irradiate                Conj/Alch      11%        3d15      41%         5
 Summon Blazeheart Golem  Fire/Summ      4%         N/A       77%         4
 Dispersal                Tloc           2%         N/A       100%        6
 Gell's Gavotte           Tloc           2%         2d(12-18) 100%        6
 Ozocubu's Refrigeration  Ice            11%        4d9       100%        7
 Discord                  Hex            2%         N/A       100%        8
 Ignition                 Fire           2%         3d3       100%        8


Dungeon Overview and Level Annotations

Branches:
Dungeon (10/15)            Temple (0/1) D:5
   Lair: D:8-11         Orc: D:9-12

Altars:
Ashenzari
Fedhas
Gozag
Nemelex Xobeh
Okawaru
Qazlal
Ru
Sif Muna
Vehumet
Wu Jian
Xom

Shops:
D:2 (   D:4 *

Annotations:
D:3 exclusion: statue
D:7 3 runed translucent doors, AutarchDCSS's ghost, novice DrCK


Innate Abilities, Weirdness & Mutations

Your facial features look somewhat orcish.
You have a pair of horns on your head.
You are partially covered in yellow scales. (AC +2)
You are mostly covered in sharp spines.
Spells you cast may paralyse nearby enemies.
You are agile. (Dex +4, Str/Int -1)
You possess an exceptional clarity of mind.


Message History

You begin to radiate toxic energy.
The troll is poisoned.
Malevolent energies surge around you.
Unknown command.
Your toxic aura wanes.
Casting: Olgreb's Toxic Radiance (dangerous; 4% risk of failure)
Confirm with . or Enter, or press ? or * to list all spells.
You begin to radiate toxic energy.
The troll looks even sicker.
Malevolent energies surge around you.
The troll suddenly stops moving!
The troll looks even sicker.
A shadow comes into view.
The troll looks as sick as possible!
Your toxic aura wanes.
The shadow slips into darkness.
The shadow flickers and vanishes!
Deactivating autopickup; reactivate with Ctrl-A.
Casting: Olgreb's Toxic Radiance (dangerous; 4% risk of failure)
Confirm with . or Enter, or press ? or * to list all spells.
Aiming: Sting (safe; 1% risk of failure)
Press: ? - help, Shift-Dir - straight line, f - troll
Aim: a troll (moderately wounded, paralysed, confused, extremely poisoned, 100% to hit)
Okay, then.
Casting: Sting (safe; 1% risk of failure)
Confirm with . or Enter, or press ? or * to list all spells.
Aiming: Sting (safe; 1% risk of failure)
Press: ? - help, Shift-Dir - straight line, f - troll
Aim: a troll (heavily wounded, paralysed, confused, extremely poisoned, 100% to hit)
The sting hits the troll.
The troll looks as sick as possible!
The troll is heavily wounded.
Malevolent energies surge around you.
The troll is no longer paralysed.
Casting: Sting (safe; 1% risk of failure)
Confirm with . or Enter, or press ? or * to list all spells.
Aiming: Sting (safe; 1% risk of failure)
Press: ? - help, Shift-Dir - straight line, f/p - troll
Aim: a troll (heavily wounded, confused, extremely poisoned, 92% to hit)
The sting hits the troll but does no damage.
The troll looks as sick as possible!
The troll is heavily wounded.
Malevolent energies surge around you.
The shadow strikes at you from the darkness!
You die...

.#.#.#.#.#.#.## #..#...#..#
#.#.#.#.#.#.#.# #...#.#...#
.#.#.#.#.#.#.## #....#....#
#.#.#.#.#.#.#.# #...#.#...#
.#.#.#.#.#.#.## #..#...#..#
#.#.#.#.#.#.#.# #..#...#..#####.
###.##############..#...#........
#..## #.......{...#.#.........
##..####......@.....#..).......
#.....####...###..)#.#...###...
#(#.#.##..#.#...#†#...#.#...#.#
...#........#.....#.....#.....#.
#######..#..#.#...#.#...#.#...#.#
.....###...###...#.#...###...
#.####.. ...........#...... ..
##............#.#......
.###..###..#. #..###


There were no monsters in sight!

Vanquished Creatures
  Sonja (D:10)
  A hornet (D:8)
  A troll (D:9)
  A vampire (D:10)
  2 wraiths (D:8)
  17 yaks
  2 steam dragons
  An acid dragon (D:10)
  A water moccasin (D:7)
  2 orc warriors (D:9)
  2 black bears
  A sky beast (D:7)
  3 centaurs
  An ogre (D:6)
  A kobold brigand (D:9)
  A bullfrog (D:8)
  5 scorpions
  3 wights (D:4)
  4 killer bees (D:9)
  2 howler monkeys
  2 orc priests
  3 jellies
  Crazy Yiuf (D:3)
  An iguana (D:5)
  2 sleepcaps
  6 orc wizards
  11 adders
  2 white imps
  2 ufetubi (D:4)
  2 dart slugs
  3 ribbon worms (D:2)
  17 orcs
  5 ball pythons
  5 endoplasms
  4 giant cockroaches
  4 goblins
  6 hobgoblins
  2 jackals (D:2)
  18 kobolds
  5 quokkas
  4 bats
  A frilled lizard (D:1)
  5 rats
163 creatures vanquished.

Vanquished Creatures (collateral kills)
  An orc wizard (D:9)
1 creature vanquished.

Vanquished Creatures (others)
  A kobold brigand (D:7)
  An orc zombie (D:7)
  An orc (D:3)
  A giant cockroach (D:3)
4 creatures vanquished.

Grand Total: 168 creatures vanquished

Notes
Turn   | Place    | Note
-------+----------+-------------------------------------------
     0 | D:1      | Heh the Demonspawn Alchemist began the quest for the Orb.
     0 | D:1      | Reached XP level 1. HP: 13/13 MP: 3/3
   240 | D:1      | Reached skill level 1 in Fighting
   284 | D:1      | Gained mutation: Spells you cast may paralyse adjacent
                  | enemies. [demonic ancestry]
   284 | D:1      | Reached XP level 2. HP: 21/21 MP: 1/5
  1254 | D:2      | Gained mutation: You are partially covered in sharp spines.
                  | [demonic ancestry]
  1254 | D:2      | Reached XP level 3. HP: 16/26 MP: 0/6
  1729 | D:2      | Found Axzev's Antique Weapon Emporium.
  1745 | D:2      | Learned a level 3 spell: Mephitic Cloud
  1879 | D:2      | Reached XP level 4. HP: 32/32 MP: 4/7
  2298 | D:3      | Became a worshipper of Beogh the Shepherd
  2422 | D:3      | Reached skill level 5 in Alchemy
  2447 | D:3      | Found a stormy altar of Qazlal.
  2729 | D:3      | Found a runed translucent door.
  2730 | D:3      | Noticed Crazy Yiuf
  2746 | D:3      | Killed Crazy Yiuf
  2747 | D:3      | Gained mutation: You have a pair of small horns on your
                  | head. [demonic ancestry]
  2747 | D:3      | Reached XP level 5. HP: 29/37 MP: 1/8
  2843 | D:3      | Learned a level 4 spell: Olgreb's Toxic Radiance
  3354 | D:3      | Found a radiant altar of Vehumet.
  3354 | D:3      | Noticed a charred statue
  3470 | D:4      | Gained mutation: Spells you cast may paralyse nearby
                  | enemies. [demonic ancestry]
  3470 | D:4      | Reached XP level 6. HP: 15/43 MP: 10/10
  3770 | D:4      | Gained mutation: You possess an exceptional clarity of
                  | mind. [potion of mutation]
  3770 | D:4      | Gained mutation: You are agile. (Dex +4, Str/Int -1)
                  | [potion of mutation]
  4198 | D:4      | Reached * piety under Beogh
  4347 | D:4      | HP: 1/36 [wight/+2 flail (4)]
  4605 | D:4      | Learned a level 4 spell: Sticky Flame
  4670 | D:4      | Found Nenaosch's Mayhem Merchandise.
  4746 | D:4      | Reached XP level 7. HP: 33/48 MP: 12/12
  4914 | D:5      | Entered Level 5 of the Dungeon
  4960 | D:5      | Found a sparkling altar of Nemelex Xobeh.
  5022 | D:5      | Found a staircase to the Ecumenical Temple.
  5136 | D:5      | Reached skill level 2 in Fighting
  5438 | D:5      | Found a shimmering blue altar of Sif Muna.
  5485 | D:5      | Found an iron altar of Okawaru.
  5485 | D:5      | Found a sacrificial altar of Ru.
  5489 | D:5      | Found an ornate altar of the Wu Jian Council.
  5514 | D:6      | Reached skill level 3 in Fighting
  5658 | D:6      | Reached skill level 4 in Fighting
  5658 | D:6      | Gained mutation: You are mostly covered in sharp spines.
                  | [demonic ancestry]
  5658 | D:6      | Reached XP level 8. HP: 60/60 MP: 9/14
  5771 | D:6      | Reached skill level 5 in Fighting
  5772 | D:6      | Reached skill level 6 in Fighting
  5775 | D:6      | Reached skill level 7 in Fighting
  5882 | D:6      | Reached skill level 8 in Fighting
  6145 | D:6      | Found a shimmering altar of Xom.
  6200 | D:7      | Gained mutation: You have a pair of horns on your head.
                  | [demonic ancestry]
  6200 | D:7      | Reached XP level 9. HP: 71/74 MP: 15/15
  6524 | D:7      | Reached skill level 9 in Fighting
  6555 | D:7      | Found a runed translucent gate.
  6555 | D:7      | Found a runed translucent gate.
  6557 | D:7      | Found a runed translucent gate.
  6558 | D:7      | Found an opulent altar of Gozag.
  6562 | D:7      | Noticed AutarchDCSS's ghost (novice DrCK)
  7133 | D:8      | Reached skill level 1 in Ice Magic
  7316 | D:8      | Reached skill level 10 in Fighting
  7532 | D:8      | Reached ** piety under Beogh
  8025 | D:9      | Gained mutation: You are partially covered in yellow
                  | scales. (AC +2) [demonic ancestry]
  8025 | D:9      | Reached XP level 10. HP: 86/86 MP: 4/16
  8201 | D:9      | Reached skill level 5 in Spellcasting
  8249 | D:9      | Reached skill level 5 in Dodging
  8344 | D:9      | Found a broken altar of Ashenzari.
  8438 | D:9      | Learned a level 5 spell: Freezing Cloud
  8476 | D:9      | Found a blossoming altar of Fedhas.
  8518 | D:10     | Entered Level 10 of the Dungeon
  8856 | D:10     | Noticed Sonja
  8872 | D:10     | Killed Sonja
  8873 | D:10     | Reached skill level 11 in Fighting
  8873 | D:10     | Reached skill level 1 in Air Magic
  8891 | D:10     | Reached *** piety under Beogh
  8902 | D:10     | Slain by a shadow

Illustrated notes

Levels and vault maps discovered:
D:1:      dpeg_arrival_rooms_b, layout_basic
D:2:      layout_loops_corners, serial_shops, shop
D:3:      layout_basic, vehumet_statue, amcnicky_altar_gilded, zin_scriptorium,
          lemuel_flame_loot_1, uniq_crazy_yiuf_cottage
D:4:      layout_basic, minmay_shop_mayhem
D:5:      layout_cave_pools, minitemple, nicolae_sif_muna_little_library,
          minmay_temple_entry_mist
D:6:      layout_rooms, lemuel_doored_altar
D:7:      layout_basic, ebering_ghost_gozag
D:8:      minmay_spotlight, layout_cave_pods
D:9:      layout_big_octagon, mainiacjoe_overflow_alcove_1,
          nicolae_overflow_crystal_walls
D:10:     layout_basic, mainiacjoe_overflow_six_doors_small,
          nicolae_gozag_cash_rules_everything_around_me, lair_entry_dummy,
          orc_0_dummy, serial_shops, shop, nicolae_twisting_strands,
          kennysheep_generic_room_15, uniq_maggie, uniq_sonja, uniq_erica

Skill      XL: |  1  2  3  4  5  6  7  8  9 10 |
---------------+-------------------------------+-----
Fighting       | 1 4 8 10 11 | 11.0
Alchemy        | 4 5 6 8 |  8.0
Spellcasting   | 3 4 5 |  5.4
Dodging        | 4 5 |  5.0
Ice Magic      | 3 4 |  4.9
Air Magic      | 1 |  1.3
Conjurations   | 2 |  2.0
Stealth        | |  1.7

Action                     |  1- 3 |  4- 6 |  7- 9 | 10-12 || total
---------------------------+-------+-------+-------+-------++-------
  Melee: Unarmed           |    17 |       |       |       ||    17
         Short sword       |   106 |    23 |       |       ||   129
         Punch             |     1 |       |       |       ||     1
         Long sword        |       |     7 |       |       ||     7
         Quarterstaff      |       |    68 |    80 |    31 ||   179
         Headbutt          |       |     8 |    18 |    11 ||    37
         Dagger            |       |       |       |    12 ||    12
   Cast: Sting             |    27 |    18 |       |     2 ||    47
         Mephitic Cloud    |       |     2 |     4 |     2 ||     8
         Olgreb's Toxic Ra |       |     3 |    20 |     7 ||    30
 Invoke: Convert to Beogh  |       |     1 |       |       ||     1
  Evoke: Wand              |       |       |       |     2 ||     2
    Use: Potion            |       |     6 |       |     3 ||     9
         Scroll            |       |     7 |     3 |       ||    10
   Stab: Paralysed         |     5 |     4 |     3 |     2 ||    14
         Sleeping          |     5 |     3 |     1 |       ||     9
         Confused          |       |     2 |       |       ||     2
         Distracted        |       |     1 |       |       ||     1
 Armour: Robe              |    63 |    75 |    21 |       ||   159
         Steam dragon scal |       |       |    38 |    50 ||    88
  Dodge: Dodged            |    78 |    67 |    49 |    65 ||   259

Table legend: (Time is in decaauts)
 A = Elapsed time spent in this place.
 B = Non-inter-level travel time spent in this place.
 C = Inter-level travel time spent in this place.
 D = Time resting spent in this place.
 E = Time spent auto-exploring this place.
 F = Levels seen in this place.
 G = Mean time per level.
                   A        B        C        D        E       F      G
               +--------+--------+--------+--------+--------+-----+--------+
         Total |   8977 |   8716 |    261 |    385 |   7065 |  10 |  897.7 |
       Dungeon |   8977 |   8716 |    261 |    385 |   7065 |  10 |  897.7 |
               +--------+--------+--------+--------+--------+-----+--------+

Top non-repeatable levels by time:
     D:3: 1343 daAuts
     D:4: 1232 daAuts
     D:2: 1212 daAuts
     D:1: 1150 daAuts
     D:8: 1003 daAuts
     D:7: 943 daAuts
     D:6: 685 daAuts
     D:5: 598 daAuts
     D:9: 421 daAuts
    D:10: 386 daAuts
